 Dungeon Crawl Stone Soup version 0.22-a0-422-g9628fc8 (webtiles) character file.

65853 Falco the Nimble (level 15, 135/135 HPs)
             Began as a Merfolk Gladiator on May 19, 2018.
             Was the Champion of Dithmenos.
             Quit the game on level 13 of the Dungeon on May 20, 2018.
             The game lasted 02:15:55 (22303 turns).

Falco the Nimble (Merfolk Gladiator)               Turns: 22303, Time: 02:15:56

Health: 135/135    AC: 24    Str: 18    XL:     15   Next: 17%
Magic:  15/15      EV: 13    Int: 10    God:    Dithmenos [******]
Gold:   320        SH:  9    Dex: 19    Spells: 14/14 levels left

rFire    + . .     SeeInvis +   a - +3 trident (flame)
rCold    . . .     Gourm    .   i - +2 buckler
rNeg     . . .     Faith    .   K - +2 plate armour {rF+}
rPois    .         Spirit   .   L - +2 hat
rElec    .         Reflect  .   g - +2 cloak {MR+}
rCorr    .         Harm     .   S - +1 pair of gloves {Dex+3}
MR       +++..                  x - +1 pair of boots
Stlth    +.........             N - amulet of Vitality {Regen+ HP+15}
HPRegen  0.72/turn              e - ring of see invisible
MPRegen  0.14/turn              B - ring of protection from magic

@: wreathed by umbra
A: change form in water, swift swim, stealthy swim
a: Shadow Step, Shadow Form, Renounce Religion


You were on level 13 of the Dungeon.
You worshipped Dithmenos.
Dithmenos was exalted by your worship.
You were not hungry.

You visited 3 branches of the dungeon, and saw 20 of its levels.
You also visited: Ossuary.

You collected 1482 gold pieces.
You spent 1162 gold pieces at shops.

Inventory:

Hand Weapons
 a - a +3 trident of flaming (weapon)
 c - a +0 blowgun
 d - the +3 hunting sling "Zeiniugain" {flame, rPois}
   (You found it on level 6 of the Dungeon)

   It causes projectiles fired from it to burn those they strike, causing extra
   injury to most foes and up to half again as much damage against particularly
   susceptible opponents.
   It protects you from poison.
 z - a +3 dagger of venom
Missiles
 l - 4 javelins (quivered)
 q - 4 silver tomahawks
 E - 8 curare-tipped needles
 G - 8 tomahawks
 O - 87 sling bullets
 Q - 8 needles of confusion
 W - 42 poisoned needles
Armour
 b - the +1 robe of Exclusion {rPois rF++ rC+ Str-3}
   (You took it off a skeletal warrior on level 13 of the Dungeon)

   It affects your strength (-3).
   It greatly protects you from fire.
   It protects you from cold.
   It protects you from poison.
 g - a +2 cloak of magic resistance (worn)
 i - a +2 buckler (worn)
 t - a scarf of repulsion
 x - a +1 pair of boots (worn)
 C - a scarf of cloud immunity
 K - a +2 plate armour of fire resistance (worn)
 L - a +2 hat (worn)
 S - a +1 pair of gloves of dexterity (worn)
Jewellery
 e - a ring of see invisible (left hand)
 B - a ring of protection from magic (right hand)
 N - the amulet of Vitality (around neck) {Regen+ HP+15}
   (You bought it in a shop on level 8 of the Dungeon)

   [amulet of regeneration]

   It affects your health (+15).
   It increases your rate of regeneration.
 P - the ring of the Princeling {*Corrode rC+ Int+6 Dex+2 Slay-2}
   (You found it on level 6 of the Lair of Beasts)

   [ring of slaying]

   It affects your intelligence (+6).
   It affects your dexterity (+2).
   It affects your accuracy and damage with ranged weapons and melee attacks
   (-2).
   It protects you from cold.
   It may corrode you when you take damage.
 Z - an uncursed ring of resist corrosion
Wands
 y - a wand of paralysis (21)
 M - a wand of clouds (6)
Scrolls
 h - 9 scrolls of fog
 n - 3 scrolls of blinking
 p - 2 scrolls of random uselessness {unknown}
 u - a scroll of brand weapon {unknown}
 v - 6 scrolls of magic mapping
 w - 9 scrolls of teleportation
 D - 2 scrolls of amnesia {unknown}
 H - 3 scrolls of fear {unknown}
 U - 7 scrolls of remove curse
 X - 2 scrolls of vulnerability {unknown}
 Y - 2 scrolls of enchant weapon {unknown}
Potions
 k - 3 potions of flight
 m - 2 potions of cancellation {unknown}
 o - 4 potions of agility
 r - 5 potions of curing
 s - 9 potions of brilliance
 A - 2 potions of resistance
 F - a potion of degeneration {unknown}
 I - 2 potions of invisibility
 J - a potion of haste
 V - 2 potions of berserk rage
Miscellaneous
 T - a sack of spiders
Comestibles
 f - 15 rations


   Skills:
 + Level 11.7 Fighting
 + Level 13.7 Short Blades
 + Level 12.0 Polearms
 + Level 2.3(3.6) Slings
 + Level 5.0(5.4) Throwing
 + Level 5.7 Armour
 + Level 14.0 Dodging
 + Level 11.3 Stealth
 + Level 10.1 Shields
 + Level 0.4 Evocations


You had 14 spell levels left.
You didn't know any spells.
Your spell library contained the following spells:

 Spells                   Type           Power        Failure   Level  Hunger
 Magic Dart               Conj           #...         100%        1    ##.....
 Apportation              Tloc           #.....       100%        1    ##.....
 Conjure Flame            Conj/Fire      #.......     100%        3    ####...
 Lightning Bolt           Conj/Air       #.........   100%        5    ######.
 Slow                     Hex            #.......     100%        2    ###....
 Invisibility             Hex            #.......     100%        6    #######
 Mephitic Cloud           Conj/Pois/Air  #.......     100%        3    ####...
 Summon Small Mammal      Summ           #...         100%        1    ##.....
 Blink                    Tloc           N/A          100%        2    ###....
 Animate Skeleton         Necr           N/A          100%        1    ##.....
 Summon Ice Beast         Ice/Summ       #.......     100%        4    #####..
 Call Imp                 Summ           #.......     100%        2    ###....
 Tukima's Dance           Hex            #.......     100%        3    ####...
 Shock                    Conj/Air       #...         100%        1    ##.....
 Swiftness                Chrm/Air       #.......     100%        2    ###....
 Airstrike                Air            #.........   100%        4    #####..
 Confusing Touch          Hex            #.....       100%        1    ##.....
 Call Canine Familiar     Summ           #.......     100%        3    ####...
 Summon Butterflies       Summ           #.......     100%        1    ##.....
 Static Discharge         Conj/Air       #.......     100%        3    ####...
 Alistair's Intoxication  Tmut/Pois      #.......     100%        5    ######.
 Summon Lightning Spire   Summ/Air       #.......     100%        4    #####..
 Summon Guardian Golem    Hex/Summ       #.......     100%        3    ####...
 Lesser Beckoning         Tloc           #.........   100%        3    ####...


Dungeon Overview and Level Annotations

Branches:
Dungeon (13/15)            Temple (1/1) D:5            Lair (6/6) D:11
  Swamp (0/4) Lair:3        Snake (0/4) Lair:3        Slime (0/5) Lair:5
    Orc (0/2) D:10         Vaults (0/5) D:13

Altars:
Ashenzari
Cheibriados
Dithmenos
Elyvilon
Fedhas
Gozag
Hepliaklqana
Kikubaaqudgha
Makhleb
Nemelex Xobeh
Okawaru
Qazlal
Ru
Sif Muna
Trog
Uskayaw
Vehumet
Wu Jian
Xom
Yredelemnul
Zin
The Shining One
Jiyva

Shops:
D:6 [   D:8 =   D:11 *


Message History

The eye of draining is heavily wounded.
Your shadow hits the eye of draining but does no damage.
You puncture the eye of draining! You burn the eye of draining.
You kill the eye of draining!
Dithmenos accepts your kill.
Found a stone staircase leading down.
Magic restored.
There is an open door here.
There is an open door here.
Done exploring.
Done exploring.
(D) Dungeon (T) Temple (L) Lair (S) Swamp (P) Snake Pit (M) Slime Pits (O) Orcish Mines (V) Vaults
Where to? (Enter - D:13 @ (x,y), ? - help)
Okay, then.
Save game and exit?
Welcome back, Falco the Merfolk Gladiator.
Dithmenos says: Spread the eternal night.
Press ? for a list of commands and other information.
Are you sure you want to abandon this character and quit the game? (Confirm with "yes".)

## ##.#####.##.....# ##
##.......##.....#
.####...#######..####
#.##.......## #.##
..#.....##..###.#
..'......##.....#
..#....#..[†....########
#.##...######..........#
.####..#####....@......#
## ##........#........#
## ##........#........#
.####.........#........#
..##..........#........#
..............#........#
.#####........#........#
.# ###################
.#


There were no monsters in sight!

Vanquished Creatures
  Nessos (D:13)
  Josephine (D:10)
  3 vault guards (D:13)
  7 hydras
  A death knight (D:11)
  A centaur warrior (D:13)
  A merfolk avatar (Lair:6)
  8 two-headed ogres
  A sea snake (Lair:6)
  The ghost of Synzig the Cruncher, a novice GrGl of Okawaru (D:9)
  4 skeletal warriors
  An unseen horror (D:11)
  2 deep elf magi
  A harpy (Lair:6)
  A manticore (Lair:6)
  A salamander (shapeshifter) (D:13)
  6 ugly things
  21 elephants
  4 black mambas
  Psyche (D:11)
  The ghost of Greylien the Digger, a novice DDEE (D:5)
  A gargoyle (D:13)
  11 spiny frogs
  4 komodo dragons (Lair:6)
  A centaur skeleton (D:11)
  4 rime drakes
  A queen bee (D:11)
  3 trolls
  3 polar bears (Lair:6)
  3 hornets
  7 slime creatures
  5 blink frogs (Lair:3)
  4 hippogriffs
  Sigmund (D:3)
  2 vampires
  A shadow (D:13)
  22 yaks
  7 wraiths
  A wyvern (Lair:6)
  6 hungry ghosts
  3 basilisks
  3 nagas (Lair:3)
  Edmund (D:4)
  2 soldier ants (D:13)
  13 water moccasins
  10 porcupines
  The ghost of mattiecakes the Chucker, an amateur OgHu (D:3)
  6 ice beasts
  6 orc warriors
  2 black bears
  An eye of draining (D:13)
  2 sky beasts
  7 ogres
  32 wolves (Lair:2)
  A necrophage (D:7)
  4 phantoms
  4 centaurs
  14 crocodiles
  6 elf zombies
  18 bullfrogs
  2 scorpions (D:9)
  19 killer bees
  10 wights
  6 bullfrog zombies
  6 centaur zombies
  5 crimson imps
  4 howler monkeys
  A quasit (D:6)
  7 hounds
  3 jellies
  8 human zombies
  5 orc priests
  Crazy Yiuf (D:3)
  19 orc wizards
  A bullfrog skeleton (D:11)
  6 iguanas
  20 worker ants
  6 hell rats (Lair:4)
  An ogre skeleton (D:7)
  A hound zombie (D:6)
  5 hound skeletons
  4 mummies
  A worker ant zombie (D:7)
  3 gnolls (D:10)
  12 adders
  2 shadow imps
  3 adder skeletons (D:5)
  4 worms
  A dart slug (D:2)
  4 leopard geckos
  57 orcs
  4 giant cockroaches
  6 goblins
  6 hobgoblins
  18 jackals
  5 quokkas
  3 ball pythons
  7 bats
  3 frilled lizards
  14 kobolds
  A leopard gecko skeleton (D:4)
  An orc zombie (D:7)
  A quokka zombie (D:9)
  3 rats (D:2)
  A plant (D:11)
591 creatures vanquished.

Vanquished Creatures (collateral kills)
  A vault guard (D:13)
  An orc wizard (D:13)
2 creatures vanquished.

Vanquished Creatures (others)
  3 blink frogs (Lair:5)
  18 fungi
  42 plants
63 creatures vanquished.

Grand Total: 656 creatures vanquished

Notes
Turn   | Place    | Note
-------+----------+-------------------------------------------
     0 | D:1      | Falco the Merfolk Gladiator began the quest for the Orb.
     0 | D:1      | Reached XP level 1. HP: 16/16 MP: 1/1
   155 | D:1      | Reached XP level 2. HP: 23/23 MP: 2/2
   352 | D:1      | Reached skill level 5 in Polearms
   887 | D:2      | Reached XP level 3. HP: 28/28 MP: 3/3
  1159 | D:2      | Reached XP level 4. HP: 30/34 MP: 4/4
  1772 | D:3      | Noticed mattiecakes's ghost (amateur OgHu)
  1793 | D:3      | Killed mattiecakes's ghost
  1793 | D:3      | Reached skill level 1 in Armour
  1793 | D:3      | Reached skill level 5 in Dodging
  1793 | D:3      | Reached skill level 1 in Stealth
  1793 | D:3      | Reached XP level 5. HP: 27/40 MP: 5/5
  1924 | D:3      | Noticed Sigmund
  2009 | D:3      | Killed Sigmund
  2009 | D:3      | Reached skill level 1 in Shields
  2009 | D:3      | Reached XP level 6. HP: 12/47 MP: 6/6
  2366 | D:3      | Found a runed door.
  2370 | D:3      | Noticed Crazy Yiuf
  2378 | D:3      | Killed Crazy Yiuf
  2863 | D:4      | Reached XP level 7. HP: 51/52 MP: 7/7
  3172 | D:4      | Noticed Edmund
  3189 | D:4      | Killed Edmund
  3189 | D:4      | Reached skill level 1 in Short Blades
  3541 | D:4      | Found a sacrificial altar of Ru.
  3658 | D:5      | Entered Level 5 of the Dungeon
  3693 | D:5      | Reached XP level 8. HP: 26/60 MP: 8/8
  3906 | D:5      | Noticed Greylien's ghost (novice DDEE)
  3913 | D:5      | Reached skill level 6 in Dodging
  3935 | D:5      | Killed Greylien's ghost
  4074 | D:5      | Found a transporter.
  4145 | D:5      | Found a staircase to the Ecumenical Temple.
  4154 | Temple   | Entered the Ecumenical Temple
  4270 | Temple   | Became a worshipper of Dithmenos the Shadowed
  4426 | D:5      | Reached skill level 5 in Short Blades
  4702 | D:5      | Found a transporter.
  4943 | D:5      | Reached skill level 7 in Dodging
  4943 | D:5      | Reached XP level 9. HP: 60/67 MP: 9/9
  5028 | D:6      | Reached skill level 5 in Fighting
  5151 | D:6      | Reached * piety under Dithmenos
  5180 | D:6      | Got an ebony hunting sling
  5181 | D:6      | Identified the cursed +3 hunting sling "Zeiniugain" {flame, rPois} (You found it on level 6 of the Dungeon)
  5460 | D:6      | Reached skill level 1 in Slings
  5640 | D:6      | Found a hazy altar of Hepliaklqana.
  5765 | D:6      | Found Misunwec's Armour Shoppe.
  5768 | D:6      | Bought a +1 pair of gloves of dexterity for 214 gold pieces
  6076 | D:7      | Found a sand-covered staircase.
  6145 | Ossuary  | Entered an ossuary
  6327 | Ossuary  | Reached ** piety under Dithmenos
  6679 | D:7      | Reached XP level 10. HP: 69/76 MP: 10/10
  6697 | D:7      | Reached skill level 5 in Stealth
  6699 | D:7      | Found a basalt altar of Yredelemnul.
  6729 | D:7      | Reached skill level 8 in Dodging
  7426 | D:8      | Found Adutzor's Jewellery Shoppe.
  7563 | D:8      | Noticed a two-headed ogre
  7579 | D:8      | Reached *** piety under Dithmenos
  7590 | D:8      | Killed a two-headed ogre
  7590 | D:8      | Reached skill level 10 in Short Blades
  7699 | D:8      | Found an ornate altar of the Wu Jian Council.
  7700 | D:8      | Found a sparkling altar of Nemelex Xobeh.
  7700 | D:8      | Found a white marble altar of Elyvilon.
  7701 | D:8      | Found a hide-covered altar of Uskayaw.
  7702 | D:8      | Found a glowing golden altar of the Shining One.
  7704 | D:8      | Found a sacrificial altar of Ru.
  7705 | D:8      | Found a shattered altar of Ashenzari.
  7802 | D:8      | Noticed a two-headed ogre
  7823 | D:8      | Killed a two-headed ogre
  8270 | D:9      | Reached XP level 11. HP: 84/84 MP: 11/11
  8355 | D:9      | Noticed a two-headed ogre
  8372 | D:9      | Killed a two-headed ogre
  8464 | D:9      | Found a stormy altar of Qazlal.
  8501 | D:9      | Noticed Synzig's ghost (novice GrGl)
  8540 | D:9      | Killed Synzig's ghost
  8540 | D:9      | Reached skill level 9 in Dodging
  8540 | D:9      | Reached skill level 5 in Shields
  8595 | D:9      | Noticed a two-headed ogre
  8611 | D:9      | Killed a two-headed ogre
  8932 | D:9      | Found a radiant altar of Vehumet.
  9004 | D:10     | Entered Level 10 of the Dungeon
  9076 | D:10     | Noticed Josephine
  9097 | D:10     | Killed Josephine
  9097 | D:10     | Reached **** piety under Dithmenos
  9350 | D:10     | Paralysed by a hornet for 3 turns
  9672 | D:10     | Found a staircase to the Orcish Mines.
  9942 | D:11     | Noticed a two-headed ogre
  9961 | D:11     | Killed a two-headed ogre
  9961 | D:11     | Reached skill level 10 in Dodging
  9961 | D:11     | Reached XP level 12. HP: 47/94 MP: 12/12
 10273 | D:11     | Noticed Psyche
 10285 | D:11     | Killed Psyche
 10290 | D:11     | Reached ***** piety under Dithmenos
 10570 | D:11     | Found Archirch's Assorted Antiques.
 10655 | D:11     | Noticed a death knight
 10657 | D:11     | Killed a death knight
 10657 | D:11     | Reached skill level 11 in Dodging
 10711 | D:11     | Found a staircase to the Lair.
 11658 | D:12     | Noticed a two-headed ogre
 11665 | D:12     | Killed a two-headed ogre
 11673 | D:12     | Noticed a two-headed ogre
 11686 | D:12     | Killed a two-headed ogre
 12069 | Lair:1   | Entered Level 1 of the Lair of Beasts
 12087 | Lair:1   | Noticed a seven-headed hydra
 12094 | Lair:1   | Killed a seven-headed hydra
 12441 | Lair:1   | Reached XP level 13. HP: 85/103 MP: 13/13
 12831 | Lair:2   | Reached skill level 10 in Fighting
 12840 | Lair:2   | Reached skill level 10 in Stealth
 13119 | Lair:2   | Reached skill level 12 in Dodging
 13391 | Lair:2   | Reached ****** piety under Dithmenos
 14371 | Lair:3   | Found a staircase to the Snake Pit.
 15948 | Lair:3   | Found a staircase to the Swamp.
 16646 | Lair:5   | Reached skill level 13 in Dodging
 16948 | Lair:5   | Found a viscous altar of Jiyva.
 16949 | Lair:5   | Found a staircase to the Slime Pits.
 17367 | Lair:6   | Entered Level 6 of the Lair of Beasts
 17406 | Lair:6   | Reached XP level 14. HP: 76/111 MP: 14/14
 17567 | Lair:6   | Reached skill level 10 in Polearms
 18756 | Lair:6   | Got a transparent glass ring
 18758 | Lair:6   | Identified the cursed ring of the Princeling {*Corrode rC+ Int+6 Dex+2 Slay-2} (You found it on level 6 of the Lair of Beasts)
 19479 | D:8      | Bought the amulet of Vitality {Regen+ HP+15} for 948 gold pieces
 19479 | D:8      | Found the amulet of Vitality {Regen+ HP+15}
 19736 | D:11     | Found a staircase to the Lair.
 20056 | D:13     | Reached skill level 14 in Dodging
 20429 | D:13     | Reached skill level 5 in Armour
 21175 | D:13     | Reached skill level 10 in Shields
 21243 | D:13     | Got a twisted robe
 21274 | D:13     | Identified the +1 robe of Exclusion {rPois rF++ rC+ Str-3} (You took it off a skeletal warrior on level 13 of the Dungeon)
 21401 | D:13     | Found a gate to the Vaults.
 21564 | D:13     | Reached XP level 15. HP: 119/119 MP: 15/15
 21815 | D:13     | Reached skill level 5 in Throwing
 21860 | D:13     | Noticed Nessos
 21869 | D:13     | Killed Nessos
 22303 | D:13     | Quit the game

Vault maps used:
D:1:      saegor_arrival_simple_c
D:3:      first_ration, uniq_crazy_yiuf_cottage, uniq_sigmund
D:4:      nicolae_ru_path_of_blood, uniq_edmund
D:5:      gammafunk_cloud_chamber, lemuel_temple_firewalk_b
D:6:      lemuel_doored_altar, serial_shops, nicolae_shop_behind_doors,
          minivault_1
D:7:      lemuel_mausoleum_altar_yredelemnul, nicolae_ossuary_entry_ruins
D:8:      minitemple, serial_co_window_serial, co_window_paths_a,
          co_window_paths_b, co_window_paths_a, co_window_paths_a,
          co_window_cross_1, co_window_2corner, co_window_of_opportunity_c,
          co_window_cross_2, glass_columns_a, glass_columns_a, glass_columns_a,
          glass_columns_b, glass_columns_a, serial_shops, shop
D:9:      kennysheep_little_box, lemuel_round_altar
D:10:     david_orc_2, uniq_josephine
D:11:     dpeg_oklobed_lair, serial_shops, shop, david_nohive_1, uniq_psyche
D:12:     minmay_misc_feat_tiny, mrwooster_statue_mirror
D:13:     lightli_vaults_fourway_checkpoint, uniq_nessos
Temple:   jpeg_temple_clearing
Lair:2:   grunt_forest_large_clearings
Lair:3:   swamp_mist_pool, minmay_snake_entry_guardpost_small
Lair:4:   grunt_megastairs_4
Lair:5:   dpeg_slime_entry_enclosed_altar, serial_forest,
          infiniplex_forest_3_way, infiniplex_forest_end_2,
          infiniplex_forest_clump_long, infiniplex_forest_corner_2,
          infiniplex_forest_fountain, zaba_anthole, serial_bayou_pond_d
Lair:6:   gammafunk_lair_ancient_temple, columned_hall_lemuel
Ossuary:  ossuary_minmay_four_chambers

Skill      XL: |  1  2  3  4  5  6  7  8  9 10 11 12 13 14 15 |
---------------+----------------------------------------------+-----
Polearms       | 5 7 9 11 12 | 12.0
Armour         | 1 2 3 4 5 |  5.7
Dodging        | 5 7 8 10 11 13 14 | 14.0
Stealth        | 1 2 4 6 7 9 10 11 | 11.3
Fighting       | 3 4 5 7 8 9 10 11 | 11.7
Shields        | 1 2 3 4 5 7 8 10 | 10.1
Short Blades   | 3 5 8 10 12 13 | 13.7
Slings         | 2 |  2.3
Throwing       | 3 4 5 |  5.0
Evocations     | |  0.4

Action                   |  1- 3 |  4- 6 |  7- 9 | 10-12 | 13-15 || total
-------------------------+-------+-------+-------+-------+-------++-------
Melee: Trident           |   109 |   102 |    30 |       |   739 ||   980
       Short sword       |       |     8 |   515 |   583 |       ||  1106
       Dagger            |       |       |       |   670 |  1381 ||  2051
       Tailslap          |       |       |       |       |     4 ||     4
 Fire: Hunting sling     |       |       |    31 |       |       ||    31
Throw: Throwing net      |       |    10 |     2 |       |       ||    12
       Tomahawk          |       |     2 |       |     2 |    19 ||    23
       Javelin           |       |       |     2 |    15 |    31 ||    48
Evoke: Wand              |       |     1 |       |       |       ||     1
       Sack of spiders   |       |       |       |       |     3 ||     3
       Box of beasts     |       |       |       |       |     1 ||     1
  Use: Potion            |       |     2 |     1 |     5 |     7 ||    15
       Scroll            |       |     6 |     4 |     8 |    14 ||    32
 Stab: Sleeping          |     2 |     1 |    11 |    38 |    22 ||    74
       Held in net/web   |       |     1 |       |       |       ||     1
       Distracted        |       |       |     1 |     4 |     9 ||    14
  Eat: Ration            |     1 |     1 |     4 |     7 |    10 ||    23
Armor: Leather armour    |    29 |    16 |       |       |       ||    45
       Robe              |       |     4 |    21 |       |       ||    25
       Troll leather arm |       |       |    60 |   101 |   145 ||   306
       Plate armour      |       |       |       |       |   181 ||   181
Dodge: Dodged            |    72 |    40 |   257 |   535 |  1155 ||  2059
Block: Buckler           |    12 |    16 |    75 |   211 |   623 ||   937

Table legend:
 A = Spawn XP
 B = Non-spawn XP
 C = Spawn XP percentage of total XP
 D = Spawn monster count
 E = Non-spawn monster count
 F = Spawn count percentage of total count
 G = Total turns spent on level
                    A         B        C        D         E        F      G
               +---------+---------+-------+---------+---------+-------+---------
         Total |       0 |   94077 |   0.0 |       0 |     593 |   0.0 | 22303
               +---------+---------+-------+---------+---------+-------+---------
           D:1 |       0 |      30 |   0.0 |       0 |      17 |   0.0 |   879
           D:2 |       0 |      72 |   0.0 |       0 |      24 |   0.0 |   704
           D:3 |       0 |     490 |   0.0 |       0 |      16 |   0.0 |  1263
           D:4 |       0 |     593 |   0.0 |       0 |      20 |   0.0 |   812
           D:5 |       0 |    1305 |   0.0 |       0 |      23 |   0.0 |  1286
           D:6 |       0 |     981 |   0.0 |       0 |      25 |   0.0 |  1000
           D:7 |       0 |    1518 |   0.0 |       0 |      33 |   0.0 |   916
           D:8 |       0 |    3111 |   0.0 |       0 |      25 |   0.0 |   988
           D:9 |       0 |    5328 |   0.0 |       0 |      38 |   0.0 |   863
          D:10 |       0 |    3413 |   0.0 |       0 |      32 |   0.0 |   982
          D:11 |       0 |    7969 |   0.0 |       0 |      64 |   0.0 |  1815
          D:12 |       0 |    5053 |   0.0 |       0 |      19 |   0.0 |  1151
          D:13 |       0 |   18506 |   0.0 |       0 |      67 |   0.0 |  1936
        Lair:1 |       0 |    2666 |   0.0 |       0 |       8 |   0.0 |   729
        Lair:2 |       0 |   10088 |   0.0 |       0 |      54 |   0.0 |  1581
        Lair:3 |       0 |    5502 |   0.0 |       0 |      22 |   0.0 |  1000
        Lair:4 |       0 |    1504 |   0.0 |       0 |      11 |   0.0 |  1003
        Lair:5 |       0 |    4451 |   0.0 |       0 |      24 |   0.0 |  1089
        Lair:6 |       0 |   20707 |   0.0 |       0 |      56 |   0.0 |  1931
       Ossuary |       0 |     790 |   0.0 |       0 |      15 |   0.0 |   244
               +---------+---------+-------+---------+---------+-------+---------
